 Dungeon Crawl Stone Soup version 0.29.1-1-gd02db69 (webtiles) character file.

Game seed: 144787183245387433

226 samcosmo the Sneak (level 5, -3/24 HPs)
             Began as a Spriggan Enchanter on Mar 22, 2023.
             Slain by a gnoll
             ... wielding a +0 whip
              (7 damage)
             ... on level 2 of the Dungeon.
             The game lasted 00:15:13 (3492 turns).

samcosmo the Sneak (Spriggan Enchanter)             Turns: 3492, Time: 00:15:15

Health: -3/24      AC:  2    Str:  4    XL:     5   Next: 69%
Magic:  10/11      EV: 17    Int: 17    God:
Gold:   84         SH:  0    Dex: 17    Spells: 3/11 levels left

rFire   . . .      SeeInvis +   g - +2 short sword (freeze)
rCold   . . .      Faith    .   (no shield)
rNeg    . . .      Spirit   .   b - +0 robe
rPois   .          Reflect  .   (helmet restricted)
rElec   .          Harm     .   (no cloak)
rCorr   .          Rampage  .   (gloves unavailable)
Will    .....                   (boots unavailable)
Stlth   +++.......              (no amulet)
HPRegen 0.08/turn               (no ring)
MPRegen 0.12/turn               (no ring)

@: very quick
A: very small, no large weapons, unfitting armour, see invisible, speed 3
a: no special abilities


You were on level 2 of the Dungeon.
You visited 1 branch of the dungeon, and saw 3 of its levels.

You collected 84 gold pieces.

Inventory:

Hand Weapons
 a - a +1 dagger
 g - a +2 short sword of freezing (weapon)
 h - a +1 dagger of draining
Armour
 b - a +0 robe (worn)
Scrolls
 f - a scroll of teleportation {unknown}
 i - a scroll of poison {unknown}
 j - a scroll of identify {unknown}
 k - 2 scrolls of fear {unknown}
 l - a scroll of brand weapon {unknown}
 n - a scroll of butterflies {unknown}
Potions
 c - 2 potions of invisibility
 d - 2 potions of berserk rage {unknown}
 e - a potion of lignification {unknown}
 m - a potion of flight {unknown}


   Skills:
 + Level 3.0 Short Blades
 - Level 2.6 Dodging
 + Level 6.1 Stealth
 + Level 3.6 Spellcasting
 * Level 5.8 Hexes


You had 3 spell levels left.
You knew the following spells:

 Your Spells              Type           Power      Damage    Failure   Level
a - Ensorcelled Hibernat  Hex/Ice        24%        N/A       8%          2
b - Confusing Touch       Hex            22%        N/A       4%          3
c - Dazzling Flash        Conj/Hex       24%        N/A       16%         3

Your spell library contained the following spells:

 Spells                   Type           Power      Damage    Failure   Level
 Tukima's Dance           Hex            22%        N/A       4%          3
 Metabolic Englaciation   Hex/Ice        6%         N/A       80%         5


Dungeon Overview and Level Annotations

Branches:
Dungeon (3/15)

Altars:
Cheibriados


Innate Abilities, Weirdness & Mutations

You are very small and have problems with some larger weapons.
You are too small for most types of armour.
You have supernaturally acute eyesight. (SInv)
You cover ground extremely quickly. (Speed+++)


Message History

Robin hits you from afar with a +0 spear.
Things that are here:
a +0 club; a +0 club; a +0 club
Casting: Ensorcelled Hibernation (safe; 8% risk of failure)
Confirm with . or Enter, or press ? or * to list all spells.
Aiming: Ensorcelled Hibernation (safe; 8% risk of failure)
Press: ? - help, Shift-Dir - straight line, f - Robin
Aim: Robin, wielding a +0 spear, wearing a +1 animal skin, wearing a +0 helmet and carrying a wand of polymorph (11) (chance to affect: 54%) Robin looks drowsy...
The gnoll misses you.
The helpless Robin fails to defend themself.
You impale Robin!! You freeze Robin.
You kill Robin!
The gnoll closely misses you.
The gnoll shouts!
Your Short Blades skill increases to level 3!
The gnoll hits you with a +0 club!
There is a stone staircase leading up, spattered with blood here.
The gnoll hits you with a +0 whip. The gnoll misses you.
You climb upwards.
There is a stone staircase leading down here.
You hit the gnoll. You freeze the gnoll.
The gnoll is severely wounded.
The gnoll closely misses you. The gnoll hits you but does no damage.
You hit the gnoll. You freeze the gnoll.
You kill the gnoll!
The gnoll barely misses you.
You hit the gnoll. You freeze the gnoll.
The gnoll is moderately wounded.
The gnoll misses you.
You hit the gnoll. You freeze the gnoll.
The gnoll is heavily wounded.
The gnoll hits you with a +0 whip.
* * * LOW HITPOINT WARNING * * *
You hit the gnoll. You freeze the gnoll. You punch the gnoll.
The gnoll is almost dead.
The gnoll barely misses you.
You barely miss the gnoll.
The gnoll is almost dead.
The gnoll hits you with a +0 whip!
You die...

##.###.#.####.# #.#
#......#.### #.# #...##.#...#
#.# #........#.# #.#
#..##...#..#
#.###..........###########
#.......#.#.#.............
####.#####.#)#.#..###########
#..........)@................
##.#######.#g#.#.############
#.# #.............[.........
#.###########.#..[.....#####
#.#<....# #.#.######.#####
##'#####.# #.#.# #........#
#........# #.#.###........#
#...###### #.#..#.........+
##...##########.##.##..).....#


You could see a gnoll.

Vanquished Creatures
  2 orc priests
  Jessica (D:2)
  Robin (D:3)
  2 gnolls (D:2)
  2 adders (D:2)
  2 worms (D:2)
  4 dart slugs
  2 orcs
  4 ball pythons
  3 bats
  5 endoplasms
  4 giant cockroaches
  12 hobgoblins
  2 jackals (D:2)
  6 kobolds
  A quokka (D:1)
  4 frilled lizards
  12 goblins
  3 rats
72 creatures vanquished.

Notes
Turn   | Place    | Note
-------+----------+-------------------------------------------
     0 | D:1      | samcosmo the Spriggan Enchanter began the quest for the
                  | Orb.
     0 | D:1      | Reached XP level 1. HP: 9/9 MP: 5/5
   315 | D:1      | Reached XP level 2. HP: 6/13 MP: 6/6
   783 | D:1      | Learned a level 2 spell: Ensorcelled Hibernation
  1192 | D:1      | Reached skill level 5 in Stealth
  1203 | D:1      | Reached XP level 3. HP: 11/16 MP: 0/8
  1313 | D:1      | Learned a level 3 spell: Confusing Touch
  1910 | D:2      | Noticed Jessica
  1915 | D:2      | Killed Jessica
  1916 | D:2      | Reached XP level 4. HP: 21/21 MP: 9/9
  1919 | D:2      | Reached skill level 5 in Hexes
  1963 | D:2      | Found a faded altar of an unknown god.
  2102 | D:1      | Learned a level 3 spell: Dazzling Flash
  2146 | D:2      | Found a snail-covered altar of Cheibriados.
  2419 | D:2      | Got the Folio of Hindering Hoarfrost
  2726 | D:3      | Noticed Robin
  2732 | D:2      | Reached XP level 5. HP: 20/24 MP: 9/11
  3290 | D:2      | Reached skill level 6 in Stealth
  3483 | D:3      | Killed Robin
  3492 | D:2      | Slain by a gnoll

Illustrated notes

Levels and vault maps discovered:
D:1:      dpeg_arrival_signposts, layout_basic
D:2:      layout_basic, basic_altar, basic_ecumenical_altar, serial_glass,
          glass_columns_a, glass_columns_b, uniq_jessica
D:3:      minmay_chambers_of_threes, layout_basic, serial_forest,
          infiniplex_forest_straight_4, infiniplex_forest_lined_2,
          infiniplex_forest_lined_room_2, infiniplex_forest_clump_diagonal,
          minmay_rat_hole, uniq_robin, uniq_terence

Skill      XL: |  1  2  3  4  5 |
---------------+----------------+-----
Hexes          | 4 5 |  5.8
Stealth        | 5 6 |  6.1
Short Blades   | 2 3 |  3.0
Spellcasting   | 3 |  3.6
Dodging        | |  2.6

Action                   |  1- 3 |  4- 6 || total
-------------------------+-------+-------++-------
Melee: Dagger            |    37 |       ||    37
       Short sword       |    49 |    93 ||   142
       Punch             |       |     1 ||     1
 Cast: Ensorcelled Hiber |     4 |     4 ||     8
 Stab: Sleeping          |     9 |     9 ||    18
Armor: Robe              |     7 |    15 ||    22
Dodge: Dodged            |    59 |    67 ||   126
